 Dungeon Crawl Stone Soup version 0.13.0-25-g43d4df3 (webtiles) character file.

235 CowboyDan the Bolt Thrower (level 5, -1/30 HPs)
             Began as a Kobold Hunter on Oct 28, 2013.
             Slain by a gnoll
             ... wielding a +0,+0 spear
              (6 damage)
             ... on Level 2 of the Dungeon.
             The game lasted 00:05:15 (1783 turns).

CowboyDan the Bolt Thrower (Kobold Hunter)          Turns: 1783, Time: 00:05:16

HP  -1/30        AC  2     Str 11      XL: 5   Next:  2%
MP   4/4         EV 16     Int  9      God:
Gold 136         SH  0     Dex 17      Spells:  0 memorised,  4 levels left

Res.Fire  : . . .   See Invis. : .   b - +1 crossbow
Res.Cold  : . . .   Warding    : .   l - +0 animal skin (curse)
Life Prot.: . . .   Conserve   : .   (no shield)
Res.Poison: .       Res.Corr.  : .   (no helmet)
Res.Elec. : .       Clarity    : .   (no cloak)
Sust.Abil.: . .     Spirit.Shd : .   (no gloves)
Res.Mut.  : .       Stasis     : .   (no boots)
Res.Rott. : .       Flight     : .   (no amulet)
Saprovore : + + .                    (no ring)
                                     (no ring)

@: slightly resistant to hostile enchantments, fairly stealthy
A: disease resistance, carnivore 3, saprovore 2
a: no special abilities


You were on level 2 of the Dungeon.
You were not hungry.

You visited 1 branch of the dungeon, and saw 2 of its levels.

You collected 116 gold pieces.

Inventory:

Hand weapons
 b - a +1,+1 crossbow (weapon)
 d - a +0,+0 flail
Missiles
 c - 22 bolts (quivered)
Armour
 l - a cursed +0 animal skin (worn)
Comestibles
 f - a meat ration
 j - a slice of pizza
Scrolls
 e - 3 scrolls of remove curse {unknown}
 g - a scroll of enchant weapon I {unknown}
 i - a scroll of magic mapping {unknown}
 k - 3 scrolls of identify {unknown}
 m - a scroll of curse weapon {unknown}
 n - a scroll of teleportation {unknown}
Jewellery
 o - a +1 ring of strength {unknown}
Potions
 a - a potion of restore abilities {unknown}
 h - a potion of invisibility {unknown}


   Skills:
 - Level 1.1 Fighting
 * Level 6.4 Crossbows
 + Level 3.8 Dodging
 - Level 1.3 Stealth


You had 4 spell levels left.
You didn't know any spells.

Dungeon Overview and Level Annotations

Branches:
Dungeon (2/27)

Altars:


Innate Abilities, Weirdness & Mutations

You recuperate from illness quickly.
You are small and have problems with some larger weapons.
You are carnivorous and can eat meat at any time.
You can eat rotten meat.


Message History

Firing (i - inventory):
c - 25 bolts (quivered)
Press: ? - help, Shift-Dir - straight line, f/p - gnoll
Aim: a gnoll, wielding a halberd (severely wounded)
You shoot a bolt. The bolt hits the gnoll.
You kill the gnoll!
You have reached level 5!
You feel agile.
Firing (i - inventory):
c - 24 bolts (quivered)
Press: ? - help, Shift-Dir - straight line, f - gnoll
Aim: a gnoll, wielding a spear You shoot a bolt.
The bolt hits the gnoll.
The gnoll is heavily wounded.
The gnoll closely misses you. The gnoll barely misses you.
Firing (i - inventory):
c - 23 bolts (quivered)
Press: ? - help, Shift-Dir - straight line, f/p - gnoll
Aim: a gnoll, wielding a spear (heavily wounded)
You shoot a bolt. The bolt hits the gnoll.
The gnoll is severely wounded.
The gnoll hits you from afar with a spear.
You die...

########
#......#..
#.%....#g
......g
..... ...
#g# #)#
#@#
###+#####
#.#
#........
#.#
#........
#.#
#........
#.#
#........
#.##
#........
#..##
#........
##..#
#........
##.#
#####'###


You could see a gnoll.

Vanquished Creatures
  5 gnolls
  An adder (D:2)
  A giant mite (D:2)
  A ball python (D:2)
  7 goblins
  3 hobgoblins
  4 kobolds
  7 bats
  A giant cockroach (D:2)
  A giant newt (D:2)
  7 rats
38 creatures vanquished.

Notes
Turn   | Place    | Note
--------------------------------------------------------------
     0 | D:1      | CowboyDan, the Kobold Hunter, began the quest for the Orb.
     0 | D:1      | Reached XP level 1. HP: 12/12 MP: 0/0
    68 | D:1      | Reached skill level 5 in Crossbows
   286 | D:1      | Reached XP level 2. HP: 15/17 MP: 1/1
   412 | D:1      | Reached XP level 3. HP: 16/21 MP: 2/2
  1323 | D:2      | Reached skill level 6 in Crossbows
  1323 | D:2      | Reached XP level 4. HP: 18/26 MP: 3/3
  1781 | D:2      | Reached XP level 5. HP: 4/30 MP: 4/4
  1783 | D:2      | Slain by a gnoll

Action                   |  1- 3 |  4- 6 || total
-------------------------+-------+-------++-------
Melee: Short sword       |    30 |       ||    30
       Flail             |    38 |    23 ||    61
 Fire: Crossbow          |     9 |    15 ||    24
 Stab: Sleeping          |     1 |     2 ||     3
